 Dungeon Crawl Stone Soup version 0.29.1-1-gd02db69 (webtiles) character file.

Game seed: 10696711119769328754

81 Timinator the Insei (level 4, -3/54 HPs)
             Began as a Demigod Transmuter on Jan 13, 2023.
             Slain by a gnoll
             ... wielding a +0 club
              (5 damage)
             ... on level 2 of the Dungeon.
             The game lasted 00:03:57 (1418 turns).

Timinator the Insei (Demigod Transmuter)            Turns: 1418, Time: 00:03:58

Health: -3/54      AC: 22    Str:  9 (11) XL:     4   Next: 0%
Magic:  3/9        EV:  2    Int: 12 (15) God:
Gold:   46         SH:  0    Dex: 15 (18) Spells: 4/7 levels left

rFire   . . .      SeeInvis +     - Unarmed
rCold   . . .      Faith    .   (no shield)
rNeg    . . .      Spirit   .   (body armour currently unavailable)
rPois   +          Reflect  .   (helmet currently unavailable)
rElec   .          Harm     .   (cloak currently unavailable)
rCorr   .          Rampage  .   (gloves currently unavailable)
Will    .....      NoTele   +   (boots currently unavailable)
Stlth   +.........              (no amulet)
HPRegen 0.18/turn               n - ring of see invisible
MPRegen 0.11/turn               (no ring)

@: tree-form, wereblooded
A: stationary, stasis, torment immunity, boosted hp, high MP 1, forlorn, divine
attributes
a: no special abilities


You were on level 2 of the Dungeon.
You were a tree.
You visited 1 branch of the dungeon, and saw 2 of its levels.

You collected 46 gold pieces.

Inventory:

Armour
 a - a +0 robe (melded)
 c - a +0 ring mail
Jewellery
 n - a ring of see invisible (left branch)
Scrolls
 d - a scroll of teleportation {unknown}
 g - 3 scrolls of identify {unknown}
 i - a scroll of torment {unknown}
 j - 2 scrolls of poison {unknown}
 k - a scroll of magic mapping {unknown}
 l - a scroll of blinking {unknown}
Potions
 b - a potion of lignification
 e - 2 potions of degeneration
 f - a potion of heal wounds {unknown}
 h - a potion of attraction {unknown}
 m - a potion of might {unknown}


   Skills:
 * Level 1.7 Fighting
 * Level 0.9 Armour
 + Level 2.1 Dodging
 + Level 3.4 Unarmed Combat
 - Level 2.0 Spellcasting
 + Level 2.3 Transmutations


You had 4 spell levels left.
You knew the following spells:

 Your Spells              Type           Power      Damage    Failure   Level
a - Beastly Appendage     Tmut           12%        N/A       11%         1
b - Wereblood             Tmut           6%         N/A       16%         2

Your spell library contained the following spells:

 Spells                   Type           Power      Damage    Failure   Level
 Spider Form              Tmut/Pois      4%         N/A       45%         3
 Ice Form                 Ice/Tmut       4%         N/A       86%         4


Dungeon Overview and Level Annotations

Branches:
Dungeon (2/15)

Annotations:
D:2 Robin


Innate Abilities, Weirdness & Mutations

You are a tree.
Your roots penetrate the ground, keeping you stationary.
You cannot be teleported.
You are immune to unholy pain and torment.
Your maximum health is greatly increased.
Your equipment is partially melded.
You have an increased reservoir of magic. (+10% MP)
You shall have no god before yourself.
Your divine heritage dramatically boosts your attributes as you level up.


Message History

You punch the goblin!
You feel a bit better.
You kill the goblin!
The goblin hits you with a +0 dagger. Robin throws the goblin at you!
A gnoll comes into view. It is wielding a +0 whip.
You closely miss the goblin. You claw the goblin.
You feel a bit better.
You kill the goblin!
Your primal bloodlust has ended.
The goblin hits you but does no damage. The goblin attacks as you move away!
The goblin misses you.
Things that are here:
a +0 club; a +0 dagger
Casting: Beastly Appendage (safe; 9% risk of failure)
Confirm with . or Enter, or press ? or * to list all spells.
Your blood is infused with primal strength.
The goblin hits you with a +0 dagger.
You closely miss the goblin. You claw the goblin, but do no damage.
You headbutt the goblin.
You feel a bit better.
You kill the goblin!
The gnoll hits you from afar with a +0 spear.
You have reached level 4!
You barely miss the gnoll.
Casting: Wereblood (safe; 13% risk of failure)
Confirm with . or Enter, or press ? or * to list all spells.
You extend your transformation's duration.
The gnoll hits you with a +0 club. The gnoll barely misses you.
You hit the gnoll but do no damage. The gnoll hits you with a +0 club!
* * * LOW HITPOINT WARNING * * *
The gnoll hits you from afar with a +0 spear!
* * * LOW HITPOINT WARNING * * *
Unknown command.
Okay, then.
Really quaff the potion of lignification?
Your horns disappear.
Your talons disappear.
You turn into a tree.
Your +0 robe melds into your body.
Your roots penetrate the ground.
The gnoll hits you but does no damage. x2
It was a potion of degeneration.
There was something very wrong with that liquid.
You feel weakened.
You feel dopey.
You feel clumsy. The gnoll hits you with a +0 club.
You die...

....#..........# #.#
#.........
...##..._....+.##
#.####........#
....#.......#...#
#.#.....#.....#
......#...#.....# #...#
####...
...#.........#..###..##
........#..#.#........#####
....#...#...##.###..#......
...............###.........
..............#.♣gg........
.............#####g........
.....##.....## ..........
##### #.##### ..#........
#.# ..##........ #.# ..#
#........ ... ..# ##g......
... ### ......


You could see Robin and 2 gnolls.

Vanquished Creatures
  A gnoll (D:2)
  An adder (D:2)
  A worm (D:2)
  5 ball pythons
  7 endoplasms
  5 giant cockroaches
  11 goblins
  5 hobgoblins
  A kobold (D:1)
  4 quokkas
  3 bats
  4 frilled lizards
  5 rats (D:1)
53 creatures vanquished.

Notes
Turn   | Place    | Note
-------+----------+-------------------------------------------
     0 | D:1      | Timinator the Demigod Transmuter began the quest for the
                  | Orb.
     0 | D:1      | Reached XP level 1. HP: 15/15 MP: 5/5
   164 | D:1      | Reached skill level 1 in Fighting
   432 | D:1      | Reached XP level 2. HP: 23/23 MP: 5/7
   449 | D:1      | Learned a level 2 spell: Wereblood
   597 | D:1      | Reached skill level 3 in Unarmed Combat
   814 | D:1      | You fall into a shaft and drop 1 floor!
  1035 | D:1      | Reached XP level 3. HP: 26/28 MP: 6/8
  1395 | D:2      | Noticed Robin
  1414 | D:2      | Reached XP level 4. HP: 18/36 MP: 4/9
  1416 | D:2      | HP: 1/36 [gnoll/+0 spear (8)]
  1418 | D:2      | Slain by a gnoll

Illustrated notes

Levels and vault maps discovered:
D:1:      dpeg_arrival_castle, layout_basic, chequers_mini_garden
D:2:      layout_rooms, hellmonk_ecumenical_altar_blasted, uniq_natasha,
          uniq_robin

Skill      XL: |  1  2 |
---------------+-------+-----
Fighting       | 1 |  1.7
Transmutations | 2 |  2.3
Unarmed Combat | 3 |  3.4
Spellcasting   | 2 |  2.0
Dodging        | 2 |  2.1
Armour         | |  0.9

Action                   |  1- 3 |  4- 6 || total
-------------------------+-------+-------++-------
Melee: Unarmed           |   103 |     2 ||   105
       Kick              |    24 |       ||    24
       Headbutt          |    10 |       ||    10
       Punch             |     2 |       ||     2
 Cast: Beastly Appendage |    22 |     1 ||    23
       Wereblood         |     4 |       ||     4
  Use: Potion            |       |     2 ||     2
 Stab: Sleeping          |     2 |       ||     2
Armor: Robe              |     9 |       ||     9
       Skin              |       |     2 ||     2
Dodge: Dodged            |    60 |     1 ||    61
